AoeStats
← 猫咪先生

Nomad

510443562Analyzed
2v2 RM · 19h ago on Oct 1, 2026· 46m 56s· 4 players
Game mode
Random Map
Map size
176×176
Population
200
Speed
Normal
Resources
Standard
Victory
Conquest
Starting age
Dark Age
Ending age
Imperial Age
RankedLock teamsTeams togetherTeam positionsShared explorationLock speedFull tech treeHidden civsTurbo modeCheats
Victory
Defeat
🇺🇸 Koreans · United States
1029
+11
🇨🇱 Japanese · Chile
1019
+11
🇨🇳 Cumans · China
951
-12
🇺🇸 Vikings · United States
883
-10
max
13:16 Loom
15:01 Feudal Age
16:05 Gold Mining
16:03 Double-Bit Axe
16:25 Town Watch
17:24 Town Watch
18:04 Town Watch
24:37 Castle Age
24:55 Elite Skirmisher
26:25 Medium Warships
27:08 Town Watch
45:16 Imperial Age
44:17 Fletching
44:27 Padded Archer Armor
45:39 Bodkin Arrow
46:00 Leather Archer Armor
46:22 Conscription
46:41 Bracer
猫咪先生
15:24 Feudal Age
14:39 Loom
18:28 Double-Bit Axe
23:43 Castle Age
26:27 Wheelbarrow
26:14 Bow Saw
27:08 Gold Mining
27:08 Stone Mining
28:48 Capped Ram
29:37 Fishing Lines
31:54 Gillnets
32:11 Horse Collar
33:52 Heavy Plow
33:42 Pikeman
35:47 Fletching
35:58 Padded Archer Armor
38:27 Bloodlines
43:22 Imperial Age
43:37 Scale Barding Armor
44:11 Cavalier
45:37 Chain Barding Armor
pegador
4:36 Loom
18:25 Feudal Age
19:15 Fishing Lines
20:38 Wheelbarrow
19:48 Town Watch
24:02 Castle Age
22:09 Stone Mining
22:06 Double-Bit Axe
24:18 Gold Mining
25:32 Gillnets
28:15 Imperial Age
26:47 Treadmill Crane
27:09 Murder Holes
28:40 Hand Cart
29:21 Fletching
30:23 Town Patrol
31:51 Conscription
31:19 Elite Samurai
35:18 Horse Collar
35:49 Bow Saw
37:38 Yasama
37:59 Kataparuto
39:58 Two-Man Saw
39:05 Heavy Plow
39:18 Forging
39:08 Scale Mail Armor
40:55 Gold Shaft Mining
41:41 Chemistry
40:34 Arrowslits
40:48 Guard Tower
43:18 Ballistics
43:04 Siege Engineers
43:47 Iron Casting
43:27 Chain Mail Armor
45:08 Keep
44:42 Onager
47:05 Blast Furnace
46:36 Plate Mail Armor
AoeAuthority.com
4:42 Loom
14:14 Feudal Age
19:47 Castle Age
17:51 Double-Bit Axe
18:37 Gold Mining
18:42 Fletching
19:58 Crossbowman
27:55 Fishing Lines
30:07 Bodkin Arrow
32:08 Ballistics
38:43 Imperial Age
37:35 Pikeman
39:14 Bow Saw
40:50 Wheelbarrow
40:01 Town Watch
41:12 Halberdier
44:01 Hand Cart
43:27 Elite War Wagon
44:19 Squires
44:04 Arson
47:13 Chemistry
Connection lost

Rejoining the realm…

Still unreachable

The connection could not be restored.

Session expired

The server has moved on; the page needs a fresh start.